 Dungeon Crawl Stone Soup version 0.29-a0-565-g7a16c6de65 (webtiles) character file.

Game seed: 12023071316203609190

622165 riebbel the Hoplite (level 27, -8/224 HPs)
             Began as a Demonspawn Wanderer on June 1, 2022.
             Was an Initiate of Gozag.
             Killed from afar by a purple draconian shifter (33 damage)
             ... with a bolt of dispelling energy
             ... on level 11 of a ziggurat on June 11, 2022.
             The game lasted 03:17:14 (77717 turns).

riebbel the Hoplite (Demonspawn Wanderer)          Turns: 77717, Time: 03:17:19

Health: -8/224     AC: 33    Str: 18    XL:     27
Magic:  20/20      EV: 15    Int: 24    God:    Gozag
Gold:   14478      SH: 35    Dex: 31    Spells: 24/26 levels left

rFire   + . .      SeeInvis +   M - +10 broad axe of Beogh's Brutal Revenge {vorpal, rF+ Will+ Int+2}
rCold   + . .      Faith    .   R - +2 tower shield {rC+}
rNeg    + + .      Spirit   .   e - +6 chain mail of the Jolly Scars {rElec rPois rN++ Stlth-}
rPois   +          Reflect  +   (helmet unavailable)
rElec   +          Harm     .   N - +0 cloak {Stlth+}
rCorr   +          Rampage  .   G - +5 pair of gloves "Quegew" {Will+ Dex+3}
Will    +++++                   A - +0 pair of boots of Time Monsters {Fly Str+3}
Stlth   ++........              k - amulet of Creativity {Reflect Dex+4 SH+5}
HPRegen 0.47/turn               m - ring "Ciminyev" {+Blink rElec Will+ Dex+2}
MPRegen 0.17/turn               H - ring "Ketal" {*Slow rCorr Int+4 Dex+2 SInv}

@: gold aura, flying, studying Long Blades
A: horns 3, powered by pain 3, spiny 3, augmentation 3, sharp scales 3, low MP 1
}: 3/15 runes: decaying, serpentine, slimy
a: Renounce Religion, Evoke Blink, Potion Petition, Call Merchant, Bribe Branch


You were on level 11 of a ziggurat.
You worshipped Gozag.
Gozag was extremely pleased with you.
You visited 10 branches of the dungeon, and saw 48 of its levels.
You visited 1 ziggurat, and saw 11 of its levels.
You also visited: Trove, Bailey, Gauntlet and Ice Cave.

You collected 23594 gold pieces.
You spent 5541 gold pieces at shops.
You paid 3575 gold pieces to Gozag.

Inventory:

Hand Weapons
 o - the +9 staff of Wucad Mu {*channel}
   (You found it on level 5 of the Pits of Slime)

   It occasionally powers its wielder's spells, but with a chance of causing
   confusion or draining the wielder's intelligence.
   It becomes more likely to activate and less likely to backfire with increased
   Evocations skill.
 M - the +10 broad axe of Beogh's Brutal Revenge (weapon) {vorpal, rF+ Will+ Int+2}
   (You found it on level 3 of the Elven Halls)

   It inflicts extra damage upon your enemies.
   Int:       It affects your intelligence (+2).
   rF:        It protects you from fire.
   Will:      It increases your willpower.
Missiles
 O - 7 throwing nets (quivered)
Armour
 e - the +6 chain mail of the Jolly Scars (worn) {rElec rPois rN++ Stlth-}
   (You found it on level 3 of the Elven Halls)

   rElec:     It insulates you from electricity.
   rPois:     It protects you from poison.
   rN:        It greatly protects you from negative energy.
   Stlth:     It makes you less stealthy.
 A - the +0 pair of boots of Time Monsters (worn) {Fly Str+3}
   (You found it on level 9 of the Dungeon)

   Str:       It affects your strength (+3).
   Fly:       It grants you flight.
 G - the +5 pair of gloves "Quegew" (worn) {Will+ Dex+3}
   (You acquired it on level 12 of the Dungeon)

   Dex:       It affects your dexterity (+3).
   Will:      It increases your willpower.
 N - a +0 cloak of stealth (worn)
 R - a +2 tower shield of cold resistance (worn)
Jewellery
 k - the amulet of Creativity (around neck) {Reflect Dex+4 SH+5}
   (You bought it in a shop on level 2 of the Depths)

   [amulet of reflection]

   It reflects blocked missile attacks.
   Dex:       It affects your dexterity (+4).
   SH:        It affects your SH (+5).
 m - the ring "Ciminyev" (left hand) {+Blink rElec Will+ Dex+2}
   (You took it off a deep elf demonologist on level 3 of the Elven Halls)

   [ring of willpower]

   Dex:       It affects your dexterity (+2).
   rElec:     It insulates you from electricity.
   +Blink:    It lets you blink.
   Will:      It increases your willpower.
 u - a ring of magical power
 D - the ring "Qyuha" {+Blink Int+4 SInv}
   (You found it on level 5 of the Pits of Slime)

   [ring of see invisible]

   Int:       It affects your intelligence (+4).
   SInv:      It lets you see invisible.
   +Blink:    It lets you blink.
 H - the ring "Ketal" (right hand) {*Slow rCorr Int+4 Dex+2 SInv}
   (You took it off a deep elf blademaster on level 3 of the Elven Halls)

   [ring of see invisible]

   Int:       It affects your intelligence (+4).
   Dex:       It affects your dexterity (+2).
   SInv:      It lets you see invisible.
   rCorr:     It protects you from acid and corrosion.
   *Slow:     It may slow you when you take damage.
 I - the ring of Ylimunk {*Corrode rN+ Will- Str+7}
   (You found it on level 7 of a ziggurat)

   [ring of positive energy]

   Str:       It affects your strength (+7).
   rN:        It protects you from negative energy.
   *Corrode:  It may corrode you when you take damage.
   Will:      It decreases your willpower.
 W - the ring "Qirhiesh" {Will+ Dex+6}
   (You found it on level 4 of the Vaults)

   [ring of dexterity]

   Dex:       It affects your dexterity (+6).
   Will:      It increases your willpower.
Wands
 t - a wand of charming (3)
 w - a wand of paralysis (47)
 P - a wand of digging (17)
 Z - a wand of iceblast (4)
Scrolls
 f - a scroll of poison
 h - 43 scrolls of identify
 j - 7 scrolls of blinking
 l - 7 scrolls of summoning
 n - 25 scrolls of teleportation
 q - 23 scrolls of fog
 s - 9 scrolls of enchant armour
 x - 11 scrolls of amnesia
 F - 12 scrolls of magic mapping
 L - 6 scrolls of silence
 Q - 4 scrolls of fear
 S - 15 scrolls of immolation
 Y - 16 scrolls of enchant weapon
Potions
 a - 12 potions of heal wounds
 b - 5 potions of lignification
 d - 5 potions of resistance
 i - 5 potions of might
 p - 13 potions of magic
 r - 10 potions of cancellation
 v - 5 potions of invisibility
 y - 3 potions of ambrosia
 z - 13 potions of mutation
 B - 7 potions of brilliance
 C - 3 potions of berserk rage
 E - 15 potions of curing
 J - 6 potions of haste
Miscellaneous
 c - a tin of tremorstones (2/2)
 g - a box of beasts
 T - a phial of floods
 U - a lightning rod (4/4)
 V - a phantom mirror


   Skills:
 + Level 20.1 Fighting
 - Level 1.7 Long Blades
 - Level 18.0 Axes
 - Level 1.0 Throwing
 - Level 17.0 Armour
 - Level 9.0 Dodging
 - Level 9.1 Stealth
 + Level 23.0 Shields
 - Level 12.5 Unarmed Combat
 - Level 4.0 Transmutations
 - Level 4.0 Earth Magic
 - Level 15.0 Evocations


You had 24 spell levels left.
You knew the following spells:

 Your Spells              Type           Power      Damage    Failure   Level
a - Passwall              Tmut/Erth      15%        N/A       36%         2

Your spell library contained the following spells:

 Spells                   Type           Power      Damage    Failure   Level
 Sandblast                Erth           38%        2d10      24%         1
 Foxfire                  Conj/Fire      0%         2x1d4     77%         1
 Magic Dart               Conj           0%         1d3       77%         1
 Shock                    Conj/Air       0%         1d3       77%         1
 Summon Small Mammal      Summ           0%         N/A       77%         1
 Spider Form              Tmut/Pois      9%         N/A       86%         3
 Stone Arrow              Conj/Erth      18%        3d8       86%         3
 Call Imp                 Summ           0%         N/A       88%         2
 Ensorcelled Hibernation  Hex/Ice        0%         N/A       88%         2
 Poisonous Vapours        Pois/Air       0%         N/A       88%         2
 Scorch                   Fire           0%         2d5       88%         2
 Static Discharge         Conj/Air       0%         N/A       88%         2
 Ignite Poison            Fire/Tmut/Pois 6%         N/A       92%         3
 Call Canine Familiar     Summ           0%         N/A       98%         3
 Confusing Touch          Hex            0%         N/A       98%         3
 Conjure Flame            Conj/Fire      0%         6-21      98%         3
 Dazzling Flash           Conj/Hex       0%         N/A       98%         3
 Frozen Ramparts          Ice            0%         1d2       98%         3
 Gell's Gravitas          Tloc           0%         N/A       98%         3
 Inner Flame              Hex/Fire       0%         N/A       98%         3
 Lesser Beckoning         Tloc           0%         N/A       98%         3
 Mephitic Cloud           Conj/Pois/Air  0%         N/A       98%         3
 Ozocubu's Armour         Ice            0%         N/A       98%         3
 Summon Guardian Golem    Hex/Summ       0%         N/A       98%         3
 Swiftness                Air            0%         N/A       98%         3
 Teleport Other           Tloc           0%         N/A       98%         3
 Ice Form                 Ice/Tmut       9%         N/A       99%         4
 Airstrike                Air            0%         N/A       100%        4
 Anguish                  Hex/Necr       0%         N/A       100%        4
 Cause Fear               Hex            0%         N/A       100%        4
 Dispel Undead            Necr           0%         3d6       100%        4
 Flame Wave               Conj/Fire      0%         2d4       100%        4
 Hailstorm                Conj/Ice       0%         3d3       100%        4
 Iskenderun's Mystic Bla  Conj/Tloc      0%         2d3       100%        4
 Sticky Flame             Conj/Fire      0%         2d3       100%        4
 Summon Ice Beast         Ice/Summ       0%         N/A       100%        4
 Agony                    Necr           0%         N/A       100%        5
 Alistair's Intoxication  Tmut/Pois      6%         N/A       100%        5
 Borgnjor's Vile Clutch   Necr/Erth      4%         N/A       100%        5
 Fireball                 Conj/Fire      0%         3d3       100%        5
 Freezing Cloud           Conj/Ice/Air   0%         6-21      100%        5
 Iskenderun's Battlesphe  Conj           0%         2d6       100%        5
 Lee's Rapid Deconstruct  Erth           9%         3d8*      100%        5
 Lightning Bolt           Conj/Air       0%         1d11      100%        5
 Silence                  Hex/Air        0%         N/A       100%        5
 Summon Forest            Summ/Tloc      0%         N/A       100%        5
 Summon Mana Viper        Hex/Summ       0%         N/A       100%        5
 Yara's Violent Unravell  Hex/Tmut       4%         3d4       100%        5
 Conjure Ball Lightning   Conj/Air       0%         3x3d6     100%        6
 Dispersal                Tloc           0%         N/A       100%        6
 Eringya's Noxious Bog    Tmut/Pois      4%         N/A       100%        6
 Iron Shot                Conj/Erth      4%         9d2       100%        6
 Starburst                Conj/Fire      0%         6d3       100%        6
 Statue Form              Tmut/Erth      12%        N/A       100%        6
 Summon Cactus Giant      Summ           0%         N/A       100%        6
 Enfeeble                 Hex            0%         N/A       100%        7
 Haunt                    Necr/Summ      0%         N/A       100%        7
 Orb of Destruction       Conj           0%         9d5       100%        7
 Ozocubu's Refrigeration  Ice            0%         4d5       100%        7
 Spellforged Servitor     Conj/Summ      0%         N/A       100%        7
 Summon Hydra             Summ           0%         N/A       100%        7
 Discord                  Hex            0%         N/A       100%        8
 Disjunction              Tloc           0%         N/A       100%        8
 Ignition                 Fire           0%         3d3       100%        8
 Infestation              Necr           0%         N/A       100%        8
 Maxwell's Capacitive Co  Air            0%         ∞         100%        8
 Fire Storm               Conj/Fire      0%         5d1       100%        9
 Polar Vortex             Ice            0%         N/A       100%        9
 Animate Dead             Necr           Unusable   N/A       N/A         4
 Corpse Rot               Necr/Pois/Air  Unusable   N/A       N/A         4
 Simulacrum               Ice/Necr       Unusable   N/A       N/A         6

Dungeon Overview and Level Annotations

Branches:
Dungeon (15/15)            Temple (1/1) D:4            Lair (6/6) D:10
  Swamp (4/4) Lair:3        Snake (4/4) Lair:4        Slime (5/5) Lair:5
    Orc (2/2) D:12            Elf (3/3) Orc:2        Vaults (4/5) D:13
  Crypt (0/3) Vaults:2     Depths (4/4) D:15            Zot (0/5) Depths:4
 Bailey (visited)           IceCv (visited)         Gauntlet (visited)

Altars:
Ashenzari
Cheibriados
Dithmenos
Elyvilon
Fedhas
Gozag
Hepliaklqana
Kikubaaqudgha
Makhleb
Nemelex Xobeh
Okawaru
Qazlal
Ru
Sif Muna
Trog
Uskayaw
Vehumet
Wu Jian
Xom
Yredelemnul
Zin
The Shining One
Jiyva

Shops:
D:5 *   D:13 (   D:14 *   D:15 (   Orc:2 (=*?   Snake:2 [(   Snake:3 (
Vaults:1 =   Vaults:3 (   Depths:1 ??*   Depths:2 =:=

Portals:
Hell: Depths:1 Depths:2 Depths:3 Depths:4
Abyss: Depths:2 Depths:3 Depths:4
Pandemonium: Depths:1 Depths:2

Annotations:
Lair:3 1 runed translucent door, Goddom's ghost, journeyman TrFi
Swamp:3 Mara


Innate Abilities, Weirdness & Mutations

You have a pair of large horns on your head.
You are powered by pain.
You are completely covered in sharp spines.
Your magical and physical power is greatly enhanced at high health.
You are completely covered in razor-sharp scales. (AC +3, Slay +3)
Your magical capacity is low. (-10% MP)


Message History

You slash the yellow draconian!
The purple draconian shifter casts a spell.
The purple draconian shifter blinks!
The purple draconian shifter casts a spell at you.
You blink.
The purple draconian shifter gestures wildly while chanting.
The purple draconian shifter blinks!
The purple draconian shifter mumbles some strange words.
The purple draconian shifter blinks!
The purple draconian shifter breathes dispelling energy at you.
The bolt of dispelling energy hits you!!!
* * * LOW HITPOINT WARNING * * *
You hit the yellow draconian.
The yellow draconian is severely wounded.
The purple draconian shifter breathes dispelling energy at you.
The bolt of dispelling energy hits you!!
* * * LOW HITPOINT WARNING * * *
The purple draconian shifter points at you and mumbles some strange words.
The purple draconian shifter blinks!
The yellow draconian is distracted by your dazzling golden aura.
The yellow draconian roars!
You slash the yellow draconian!
The yellow draconian is no longer distracted by gold.
You headbutt the yellow draconian, but do no damage.
The yellow draconian is almost dead.
You slash the purple draconian shifter!
The purple draconian shifter breathes dispelling energy at you.
The bolt of dispelling energy hits you!
* * * LOW HITPOINT WARNING * * *
The yellow draconian hits you but does no damage.
You hit the yellow draconian but do no damage.
The yellow draconian is almost dead.
You slash the purple draconian shifter! You slash the yellow draconian!
You kill the yellow draconian!
You slash the purple draconian shifter!
The purple draconian shifter breathes dispelling energy at you.
The bolt of dispelling energy hits you!!
You die...
Your body crumbles into a pile of gold.

▓▓▓▓▓▓▓▓▓▓▓▓▓
▓▓...........▓▓
▓▓.............▓▓
▓▓...........$q.|▓▓
▓▓...............)?▓▓
▓▓................!)∩▓▓
▓.∩.........$$.$.)/">}▓
▓▓............$$..[)∩▓▓
▓▓........@$$....)(▓▓
▓▓........q.....:▓▓
▓▓.............▓▓
▓▓...........▓▓
▓▓▓▓▓▓▓▓▓▓▓▓▓


You could see 2 draconians.

Vanquished Creatures
  the Royal Jelly (Slime:5)
  4 juggernauts
  A royal mummy (Zig:1)
  the Lernaean hydra (Swamp:4)
  Saint Roka (D:15)
  Bai Suzhen (Vaults:2)
  9 caustic shrikes
  2 golden dragons
  A bone dragon (Zig:7)
  Nikola (Snake:2)
  the Enchantress (Depths:3)
  A profane servitor (Zig:7)
  A hellephant (Zig:9)
  Jorgrun (Orc:2)
  Zenata (Vaults:1)
  3 deep elf blademasters
  A walking crystal tome (Depths:3)
  2 deep elf master archers (Elf:3)
  A lich (Depths:3)
  A tentacled monstrosity (Depths:3)
  21 acid blobs
  A walking divine tome (Depths:2)
  4 sphinxes
  A tengu reaver (Depths:3)
  An ancient champion (Zig:7)
  Kirke (Lair:6)
  3 storm dragons
  2 thorn hunters (Swamp:4)
  The ghost of Zucuh the Fencer, an adept DrGl of Ashenzari (Depths:3)
  17 azure jellies
  A shadow dragon (Depths:2)
  Aizul (Depths:1)
  5 fire giants
  Roxanne (Elf:3)
  8 nagarajas
  2 revenants (Vaults:2)
  2 deep elf sorcerers (Elf:3)
  10 rockslimes
  13 vault wardens
  Louise (Elf:3)
  5 frost giants
  A balrug (Depths:1)
  2 draconian scorchers
  6 deep elf elementalists (Elf:3)
  A draconian shifter (Depths:4)
  2 draconian stormcallers (Zig:11)
  3 spriggan defenders (Depths:3)
  2 reapers
  2 draconian annihilators
  A war gargoyle (Vaults:3)
  9 ironbound preservers
  5 ironbound thunderhulks
  11 very ugly things
  10 quicksilver oozes
  8 stone giants
  4 vampire knights
  6 deep elf demonologists (Elf:3)
  7 deep elf annihilators (Elf:3)
  3 eleionomae
  An entropy weaver (Vaults:3)
  2 purple draconians (Zig:11)
  3 white draconians
  3 black draconians
  A bunyip (Swamp:2)
  2 green draconians (Depths:4)
  23 spark wasps
  3 eidola
  A minotaur (Gauntlet)
  14 dire elephants
  4 red draconians
  5 yellow draconians
  5 ettins
  A crystal guardian (Vaults:3)
  4 fire dragons
  6 deep elf death magi
  A blizzard demon (Depths:2)
  3 deep elf high priests
  6 salamander tyrants (Snake:4)
  16 great orbs of eyes
  2 peacekeepers
  8 yaktaur captains
  2 rakshasas
  5 boulder beetles
  A ghost crab (Swamp:4)
  9 ice dragons
  30 hydras
  A two-headed ogre (shapeshifter) (Zig:3)
  4 vault guards
  2 spriggan air magi
  11 ironbound frosthearts
  8 anacondas
  10 centaur warriors
  8 two-headed ogres
  A catoblepas (D:14)
  2 merfolk aquamancers (Zig:2)
  A death knight (D:11)
  18 naga warriors
  16 alligators
  A merfolk avatar (Lair:6)
  5 deep troll shamans
  4 spriggan berserkers
  6 deep troll earth magi
  12 naga sharpshooters
  2 orc high priests
  2 vampire magi
  A hell knight (Depths:2)
  6 shock serpents
  2 wretched stars (Zig:6)
  2 soul eaters
  A sun demon (Depths:1)
  12 spriggans
  11 deep elf knights
  An iron troll (shapeshifter) (Zig:3)
  A spectral death yak (Gauntlet)
  Amaemon (Lair:1)
  8 iron trolls
  A shadow wraith (Zig:7)
  6 salamander mystics
  8 goliath frogs
  A steelbarb worm (shapeshifter) (Depths:4)
  A spatial maelstrom (Zig:6)
  6 sea snakes
  4 spriggan druids
  A glowing orange brain (shapeshifter) (D:15)
  2 glowing orange brains
  18 swamp dragons
  2 flayed ghosts
  A spectral hydra (Gauntlet)
  24 deep trolls
  3 naga ritualists
  2 bog bodies
  8 wizards
  13 lindwurms
  2 phantasmal warriors (Depths:3)
  8 orc knights
  9 ironbound convokers
  9 deep elf archers
  2 harpies (Zig:2)
  17 deep elf pyromancers
  6 manticores
  34 ugly things
  20 deep elf zephyrmancers
  A shining eye (Slime:4)
  2 will-o-the-wisps
  8 orc sorcerers
  8 oklob plants
  5 mana vipers
  6 cyclopes
  18 vault sentinels
  A moth of wrath (Zig:5)
  11 salamanders
  40 black mambas
  13 guardian serpents
  9 elephants
  21 naga magi
  2 ice statues (IceCv)
  2 smoke demons
  An iron dragon skeleton (Zig:6)
  2 gargoyles (D:14)
  Maggie (D:8)
  An orange demon (Lair:1)
  16 cane toads
  5 eyes of devastation
  8 rime drakes
  2 torpor snails (Lair:6)
  32 yaktaurs
  A yaktaur (shapeshifter) (D:13)
  A freezing wraith (D:15)
  14 komodo dragons
  2 tormentors (D:11)
  A tengu conjurer (Depths:3)
  2 anaconda simulacra (IceCv)
  2 efreet
  A guardian mummy (Elf:1)
  8 ice devils
  A red devil (Depths:2)
  An ancient zyme (Zig:6)
  A burning bush (Lair:2)
  An entropy weaver simulacrum (IceCv)
  8 tyrant leeches
  3 merfolk (Zig:2)
  A polar bear (shapeshifter) (Elf:2)
  8 trolls
  A tyrant leech (shapeshifter) (Depths:3)
  A raiju (Zig:6)
  8 hornets
  A raiju (shapeshifter) (D:13)
  6 polar bears
  97 slime creatures
  6 dream sheep (Lair:5)
  22 blink frogs
  3 snapping turtles (Lair:6)
  2 jumping spiders (Vaults:3)
  A vampire (D:13)
  7 shadows
  2 water elementals (Elf:2)
  2 air elementals
  9 wraiths
  A ynoxinul (Zig:6)
  52 yaks
  A large abomination (Zig:6)
  13 wyverns
  7 hogs
  11 basilisks
  4 fire elementals
  A fire bat (shapeshifter) (Depths:3)
  9 golden eyes
  A redback (shapeshifter) (Zig:3)
  A redback (Vaults:3)
  A death yak simulacrum (IceCv)
  3 steam dragons
  10 vampire mosquitoes
  A chaos spawn (Zig:3)
  A neqoxec (Depths:2)
  A harpy simulacrum (IceCv)
  2 acid dragons
  41 water moccasins
  46 nagas
  6 wargs
  A hell hound (Lair:5)
  A floating eye (Depths:2)
  A floating eye (shapeshifter) (Depths:1)
  17 swamp worms
  9 swamp drakes
  37 orc warriors
  A black bear (Lair:4)
  2 sky beasts (D:7)
  21 wolves
  2 ogres
  A boggart (Vaults:3)
  9 centaurs
  3 kobold brigands
  3 phantoms
  13 bullfrogs
  3 earth elementals
  A necrophage (D:5)
  2 scorpions
  2 two-headed ogre simulacra (IceCv)
  9 wights
  22 killer bees
  2 elephant simulacra (IceCv)
  8 electric eels
  7 hounds
  20 orc priests
  A gnoll shaman (D:9)
  5 hell rats (Lair:5)
  3 iguanas (D:6)
  28 orc wizards
  2 spriggan simulacra (IceCv)
  3 polar bear simulacra (IceCv)
  A mummy (Zig:1)
  10 gnolls
  22 adders
  A naga simulacrum (IceCv)
  6 white imps
  4 ufetubi
  5 dart slugs
  65 orcs
  5 endoplasms
  2 giant cockroaches
  8 goblins
  8 hobgoblins
  3 quokkas
  3 training dummies (Snake:3)
  9 ball pythons
  9 bats
  2 frilled lizards
  27 kobolds
  4 rats
  6 briar patches (Swamp:4)
1839 creatures vanquished.

Vanquished Creatures (collateral kills)
  A spark wasp (Depths:1)
  2 death knights (D:11)
3 creatures vanquished.

Vanquished Creatures (others)
  A fire giant (Depths:3)
  A rakshasa (D:15)
  17 dancing weapons
  A deep elf knight (Elf:3)
  A deep elf pyromancer (Elf:3)
  5 deep elf zephyrmancers
  A vault sentinel (Vaults:2)
  2 bloated husks
  A swamp drake (Lair:5)
  2 briar patches (Swamp:4)
  4 foxfires
  85 fungi
  125 plants
246 creatures vanquished.

Grand Total: 2088 creatures vanquished

Notes
Turn   | Place    | Note
-------+----------+-------------------------------------------
     0 | D:1      | riebbel the Demonspawn Wanderer began the quest for the
                  | Orb.
     0 | D:1      | riebbel set off with the following items: a +0 falchion, a
                  | +0 chain mail, 10 poisoned darts, a +0 dagger, a potion of
                  | berserk rage
     0 | D:1      | Reached XP level 1. HP: 16/16 MP: 1/1
   140 | D:1      | Gained mutation: You are partially covered in razor-sharp
                  | scales. (AC +1, Slay +1) [demonic ancestry]
   140 | D:1      | Reached XP level 2. HP: 20/23 MP: 2/2
   857 | D:1      | Gained mutation: You have a pair of small horns on your
                  | head. [demonic ancestry]
   857 | D:1      | Reached XP level 3. HP: 29/29 MP: 3/3
  1038 | D:2      | Identified the +6 falchion of Lyfil {flame, rN+ rCorr Dex+4
                  | SInv}
  1175 | D:2      | Found a snail-covered altar of Cheibriados.
  1254 | D:2      | You fall into a shaft and drop 2 floors!
  1258 | D:4      | Noticed a scorpion
  1263 | D:4      | Found a staircase to the Ecumenical Temple.
  1269 | D:3      | Gained mutation: You are mostly covered in razor-sharp
                  | scales. (AC +2, Slay +2) [demonic ancestry]
  1269 | D:3      | Reached XP level 4. HP: 26/38 MP: 4/4
  1581 | D:2      | Found a faded altar of an unknown god.
  2456 | D:4      | Killed a scorpion
  2457 | D:4      | Reached skill level 5 in Fighting
  2457 | D:4      | Reached XP level 5. HP: 42/44 MP: 5/5
  2885 | D:4      | Found Omuseusu's Magic Scroll Shop.
  2921 | D:4      | Noticed a phantom
  2930 | D:4      | Killed a phantom
  2931 | D:4      | Gained mutation: You sometimes gain a little power by
                  | taking damage. [demonic ancestry]
  2931 | D:4      | Reached XP level 6. HP: 45/53 MP: 6/6
  3258 | D:5      | Entered Level 5 of the Dungeon
  3284 | D:5      | Found Ginasoit's Overcharged Wands.
  3383 | D:5      | Reached skill level 1 in Evocations
  3383 | D:5      | Gained mutation: You have a pair of horns on your head.
                  | [demonic ancestry]
  3383 | D:5      | Reached XP level 7. HP: 56/60 MP: 7/7
  3521 | D:5      | Identified the +6 spear of Upheaval {drain, rC++ Dex-2}
  4502 | D:6      | Reached skill level 5 in Evocations
  4763 | D:4      | Bought a scroll of enchant armour for 97 gold pieces
  4763 | D:4      | Bought a scroll of enchant weapon for 97 gold pieces
  4763 | D:4      | Bought a scroll of fog for 26 gold pieces
  4881 | D:7      | Noticed a shadow
  4890 | D:7      | Killed a shadow
  4891 | D:7      | Gained mutation: You sometimes gain power by taking damage.
                  | [demonic ancestry]
  4891 | D:7      | Reached XP level 8. HP: 67/67 MP: 8/8
  5307 | D:7      | Found a stormy altar of Qazlal.
  5569 | D:7      | Reached skill level 10 in Fighting
  6072 | Temple   | Entered the Ecumenical Temple
  6705 | D:8      | Reached skill level 1 in Stealth
  6705 | D:8      | Reached XP level 9. HP: 37/78 MP: 9/9
  6711 | D:8      | Reached skill level 1 in Dodging
  7862 | D:8      | Noticed Maggie
  7881 | D:8      | Killed Maggie
  8228 | D:8      | Reached skill level 1 in Axes
  8337 | D:9      | Reached skill level 5 in Stealth
  8713 | D:9      | Reached XP level 10. HP: 85/85 MP: 10/10
  9605 | D:9      | Identified the +0 pair of boots of Time Monsters {Fly
                  | Str+3}
  9647 | D:10     | Entered Level 10 of the Dungeon
  9753 | D:10     | Found a flagged portal.
  9760 | Bailey   | Entered a bailey
 10547 | Bailey   | Noticed an orc knight
 10547 | Bailey   | Noticed an orc knight
 10551 | Bailey   | Reached skill level 5 in Axes
 10566 | Bailey   | Killed an orc knight
 10571 | Bailey   | Killed an orc knight
 10703 | Bailey   | Identified the +5 executioner's axe "Yhasuemm" {flame,
                  | Str+2 Int+2}
 11011 | Temple   | Became a worshipper of Gozag Ym Sagoz the Greedy
 11166 | D:10     | Noticed a two-headed ogre
 11185 | D:10     | Killed a two-headed ogre
 11186 | D:10     | Reached skill level 5 in Armour
 11819 | D:10     | Reached XP level 11. HP: 85/88 MP: 11/11
 12053 | D:10     | Found a staircase to the Lair.
 12323 | D:10     | Noticed a seven-headed hydra
 12331 | D:10     | Killed a five-headed hydra
 12893 | Lair:1   | Entered Level 1 of the Lair of Beasts
 13514 | Lair:1   | Noticed Amaemon
 13536 | Lair:1   | Killed Amaemon
 13944 | D:5      | Bought a wand of acid (18) for 660 gold pieces
 14191 | Lair:1   | Reached skill level 10 in Axes
 15290 | Lair:1   | Reached XP level 12. HP: 87/97 MP: 12/12
 15318 | Lair:2   | Noticed a four-headed hydra
 15497 | Lair:2   | Killed a two-headed hydra
 15625 | Lair:2   | Noticed a four-headed hydra
 15901 | Lair:2   | Killed a two-headed hydra
 16135 | Lair:2   | Noticed a five-headed hydra
 16142 | Lair:2   | Killed a four-headed hydra
 16396 | Lair:3   | Noticed a five-headed hydra
 16840 | Lair:3   | Noticed an eight-headed hydra
 16849 | Lair:3   | Killed a seven-headed hydra
 16975 | Lair:3   | Found a staircase to the Swamp.
 17207 | Lair:3   | Noticed a five-headed hydra
 17223 | Lair:3   | Killed a three-headed hydra
 17243 | Lair:3   | Killed a three-headed hydra
 17244 | Lair:3   | Reached skill level 10 in Armour
 18000 | Lair:3   | Found a runed translucent door.
 18607 | Lair:3   | Identified the +6 spear "Ypehuida" {vorpal, Str+7}
 18608 | Lair:3   | Noticed Goddom's ghost (journeyman TrFi)
 19274 | Lair:4   | Reached XP level 13. HP: 102/103 MP: 13/13
 19902 | Lair:4   | Found a staircase to the Snake Pit.
 21130 | D:5      | Bought a wand of paralysis (18) for 300 gold pieces
 21130 | D:5      | Bought a wand of flame (40) for 315 gold pieces
 21130 | D:5      | Bought a wand of mindburst (30) for 510 gold pieces
 21182 | D:4      | Bought a scroll of identify for 26 gold pieces
 21182 | D:4      | Bought a scroll of identify for 26 gold pieces
 21182 | D:4      | Bought a scroll of amnesia for 45 gold pieces
 21182 | D:4      | Bought a scroll of identify for 26 gold pieces
 21182 | D:4      | Bought a scroll of summoning for 123 gold pieces
 21182 | D:4      | Identified a scroll of acquirement
 21188 | D:4      | Acquired a manual of Fighting
 23733 | Lair:5   | Found a staircase to the Slime Pits.
 23970 | Lair:6   | Entered Level 6 of the Lair of Beasts
 24206 | Lair:6   | Noticed Kirke
 24209 | Lair:6   | HP: 5/108 [rime drake/flash freeze (15)]
 24215 | Lair:6   | HP: 3/108 [rime drake/flash freeze (22)]
 24660 | Lair:6   | Upgraded the game from 0.29-a0-521-g59ce8b2d47 to
                  | 0.29-a0-542-g075992c915
 24665 | Lair:6   | Reached skill level 15 in Axes
 25420 | Lair:6   | Gained mutation: You are partially covered in sharp spines.
                  | [demonic ancestry]
 25420 | Lair:6   | Reached XP level 14. HP: 79/115 MP: 14/14
 27418 | Lair:6   | Noticed a sphinx
 27439 | Lair:6   | Paralysed by a sphinx for 4 turns
 27790 | Lair:6   | Killed Kirke
 28757 | D:11     | Found a frozen archway.
 28777 | IceCv    | Entered an ice cave
 30317 | IceCv    | Noticed a reaper
 30349 | IceCv    | Killed a reaper
 30703 | IceCv    | Got the Incunabulum of the Frostbite
 31223 | D:11     | Reached skill level 1 in Shields
 32016 | D:11     | Reached skill level 2 in Shields
 32464 | D:12     | Reached skill level 3 in Shields
 32511 | D:12     | Reached skill level 4 in Shields
 32515 | D:12     | Found a gate leading to a gauntlet.
 32524 | Gauntlet | Entered a Gauntlet
 32524 | Gauntlet | Found a transporter.
 32703 | Gauntlet | Found a transporter.
 32724 | Gauntlet | Found a transporter.
 32728 | Gauntlet | Found a transporter.
 32745 | Gauntlet | Found a transporter.
 32758 | Gauntlet | Found a transporter.
 32771 | Gauntlet | Found a transporter.
 32800 | Gauntlet | Found a transporter.
 32800 | Gauntlet | Found a transporter.
 32801 | Gauntlet | Found a runed translucent door.
 32805 | Gauntlet | Found a transporter.
 32825 | Gauntlet | Found a runed translucent door.
 32838 | Gauntlet | Found a transporter.
 32838 | Gauntlet | Found a transporter.
 32945 | Gauntlet | Gained mutation: You are mostly covered in sharp spines.
                  | [demonic ancestry]
 32945 | Gauntlet | Reached XP level 15. HP: 112/120 MP: 15/15
 32958 | Gauntlet | Identified the +0 pair of gloves of Charity {rC+}
 32983 | Gauntlet | Upgraded the game from 0.29-a0-542-g075992c915 to
                  | 0.29-a0-553-g81b289dbe5
 33224 | Gauntlet | Reached skill level 5 in Shields
 33232 | Gauntlet | Identified the +6 dagger of Okawaru's Inspiration {freeze,
                  | Str+3 SInv}
 33498 | D:12     | Acquired the +5 pair of gloves "Quegew" {Will+ Dex+3}
 33605 | D:12     | Found a staircase to the Orcish Mines.
 33922 | Orc:1    | Entered Level 1 of the Orcish Mines
 34151 | Orc:1    | Reached skill level 6 in Shields
 34673 | Orc:2    | Entered Level 2 of the Orcish Mines
 34846 | Orc:2    | Found a staircase to the Elven Halls.
 34868 | Orc:2    | Reached skill level 7 in Shields
 35068 | Orc:2    | Noticed Jorgrun
 35075 | Orc:2    | Killed Jorgrun
 35294 | Orc:2    | Reached skill level 8 in Shields
 35305 | Orc:2    | Found Asifav's Magic Scroll Boutique.
 35305 | Orc:2    | Found Modeniq's General Store.
 35498 | Orc:2    | Found Reokhledgh's Weapon Shop.
 35505 | Orc:2    | Found Cemebbifu's Jewellery Shop.
 35508 | Orc:2    | Bought a scroll of identify for 22 gold pieces
 35508 | Orc:2    | Bought a scroll of teleportation for 33 gold pieces
 35508 | Orc:2    | Bought a scroll of immolation for 38 gold pieces
 35508 | Orc:2    | Bought a scroll of blinking for 82 gold pieces
 35508 | Orc:2    | Bought a scroll of identify for 22 gold pieces
 35508 | Orc:2    | Bought a scroll of enchant weapon for 82 gold pieces
 35508 | Orc:2    | Bought a scroll of fear for 38 gold pieces
 35519 | Orc:2    | Bought a potion of heal wounds for 75 gold pieces
 35519 | Orc:2    | Bought a scroll of teleportation for 45 gold pieces
 36368 | D:13     | Found a gate to the Vaults.
 36384 | D:13     | Reached skill level 9 in Shields
 37001 | D:13     | Found Nybelino's Weapon Shoppe.
 37167 | D:14     | Found Xoisea Nupp's General Store.
 37175 | D:14     | Bought a potion of ambrosia for 104 gold pieces
 37273 | D:14     | Reached skill level 10 in Shields
 38201 | D:15     | Entered Level 15 of the Dungeon
 38212 | D:15     | Reached skill level 11 in Shields
 38441 | D:15     | Found a staircase to the Depths.
 38455 | D:15     | Gained mutation: You have a pair of large horns on your
                  | head. [demonic ancestry]
 38455 | D:15     | Reached XP level 16. HP: 119/127 MP: 16/16
 38555 | D:15     | Reached skill level 12 in Shields
 39282 | D:15     | Found Nauras Lecw's Weapon Boutique.
 39660 | Orc:2    | Bought a ring of poison resistance for 240 gold pieces
 39897 | Snake:1  | Entered Level 1 of the Snake Pit
 40108 | Snake:1  | Reached skill level 13 in Shields
 41590 | Snake:2  | Reached skill level 14 in Shields
 41658 | Snake:2  | Found Nieped's Antique Weapon Emporium.
 41662 | Snake:2  | Found Ocetohez's Antique Armour Shoppe.
 41668 | Snake:2  | Bought a polished scale mail for 225 gold pieces
 41668 | Snake:2  | Identified the +6 scale mail "Zez Lied" {rN+ rCorr Str-3}
                  | (You bought it in a shop on level 2 of the Snake Pit)
 41668 | Snake:2  | Bought a polished scale mail for 225 gold pieces
 41668 | Snake:2  | Identified the +9 scale mail of Darkness {Rampage Slay+2}
                  | (You bought it in a shop on level 2 of the Snake Pit)
 42118 | Snake:2  | Noticed Nikola
 42132 | Snake:2  | Killed Nikola
 42943 | Snake:3  | Found a shadowy altar of Dithmenos.
 43680 | Snake:3  | Reached skill level 15 in Shields
 43893 | Snake:3  | Found Yzeroete's Firing Range.
 43918 | Snake:3  | Bought 6 javelins for 52 gold pieces
 43918 | Snake:3  | Bought a throwing net for 33 gold pieces
 44219 | Snake:4  | Entered Level 4 of the Snake Pit
 44375 | Snake:4  | Gained mutation: You are completely covered in sharp
                  | spines. [demonic ancestry]
 44375 | Snake:4  | Reached XP level 17. HP: 122/133 MP: 17/17
 45128 | Snake:4  | Reached skill level 16 in Shields
 45339 | Snake:4  | Reached skill level 15 in Armour
 46331 | Snake:4  | Got a serpentine rune of Zot
 46471 | Swamp:1  | Entered Level 1 of the Swamp
 47442 | Swamp:2  | Reached XP level 18. HP: 126/147 MP: 18/18
 47798 | Swamp:2  | Reached skill level 15 in Fighting
 48155 | Swamp:3  | Noticed Mara
 48162 | Swamp:3  | Noticed riebbel's illusion
 48899 | Swamp:4  | Entered Level 4 of the Swamp
 49254 | Swamp:4  | Noticed the 27-headed Lernaean hydra
 49274 | Swamp:4  | Killed the 27-headed Lernaean hydra
 49769 | Swamp:4  | Got a decaying rune of Zot
 50423 | Elf:1    | Entered Level 1 of the Elven Halls
 50436 | Elf:1    | Reached skill level 17 in Shields
 51696 | Elf:1    | Found a portal to a secret trove of treasure.
 52422 | Elf:2    | Found a huge runed translucent gate.
 52422 | Elf:2    | Found a huge runed translucent gate.
 52422 | Elf:2    | Found a huge runed translucent gate.
 52423 | Elf:2    | Found a huge runed translucent gate.
 52425 | Elf:2    | Found a huge runed translucent gate.
 53045 | Elf:2    | Reached skill level 18 in Shields
 53071 | Elf:2    | Reached XP level 19. HP: 145/162 MP: 19/19
 53942 | Elf:3    | Entered Level 3 of the Elven Halls
 53955 | Elf:3    | Identified Roxanne's Volume of Earth
 53955 | Elf:3    | Noticed Roxanne
 53976 | Elf:3    | Killed Roxanne
 54234 | Elf:3    | Noticed Louise
 54249 | Elf:3    | Killed Louise
 54919 | Elf:3    | Reached skill level 10 in Evocations
 55007 | Elf:3    | Noticed a Brimstone Fiend
 55015 | Elf:3    | Paralysed by an air elemental for 1 turns
 55800 | Elf:3    | Identified the ring "Ciminyev" {+Blink rElec Will+ Dex+2}
 55821 | Elf:3    | Identified the +5 bardiche of Mayhem {protect, rF+ rN+
                  | Dex+4}
 55821 | Elf:3    | Identified the +1 leather armour of Meager Miracles {Will+
                  | Str-2 Int+8}
 55821 | Elf:3    | Identified the amulet "Wuwiesat" {Faith rF+}
 55826 | Elf:3    | Identified the ring "Ketal" {*Slow rCorr Int+4 Dex+2 SInv}
 56035 | Elf:3    | Identified the +10 broad axe of Beogh's Brutal Revenge
                  | {vorpal, rF+ Will+ Int+2}
 56055 | Elf:3    | Got Sif Muna's Catalogue of the Flamy Entourage
 56091 | Elf:3    | Identified the +6 chain mail of the Jolly Scars {rElec
                  | rPois rN++ Stlth-}
 56335 | Elf:3    | Upgraded the game from 0.29-a0-553-g81b289dbe5 to
                  | 0.29-a0-565-g7a16c6de65
 56569 | Vaults:1 | Entered Level 1 of the Vaults
 57028 | Vaults:1 | Noticed Zenata
 57055 | Vaults:1 | Killed Zenata
 57584 | Vaults:1 | You are sucked into a shaft and drop 1 floor!
 57911 | Vaults:2 | Noticed Bai Suzhen
 57943 | Vaults:2 | Killed Bai Suzhen
 57944 | Vaults:2 | Reached XP level 20. HP: 134/172 MP: 20/20
 58128 | Vaults:2 | Reached skill level 19 in Shields
 58335 | Vaults:2 | Found a staircase to the Crypt.
 59988 | Vaults:1 | Found Lonicsyi's Jewellery Boutique.
 60337 | Vaults:1 | Reached skill level 20 in Shields
 61167 | Vaults:3 | Found Bumumus's Weapon Shop.
 63519 | Vaults:4 | Reached XP level 21. HP: 181/183 MP: 21/21
 63604 | Vaults:4 | Identified the ring "Qirhiesh" {Will+ Dex+6}
 64383 | Depths:1 | Entered Level 1 of the Depths
 64383 | Depths:1 | Noticed Saint Roka
 64383 | Depths:1 | Found a one-way gate leading to the halls of Pandemonium.
 64402 | D:15     | Killed Saint Roka
 64690 | Depths:1 | Found a gateway to Hell.
 64834 | Depths:1 | Noticed Aizul
 64841 | Depths:1 | Killed Aizul
 65429 | Depths:1 | Found a sacrificial altar of Ru.
 65698 | Depths:1 | Found Zaraipri's Magic Scroll Emporium.
 65700 | Depths:1 | Found Jungif's Magic Scroll Shoppe.
 65702 | Depths:1 | Found Huis's General Store.
 65706 | Depths:1 | Bought a scroll of enchant armour for 105 gold pieces
 65706 | Depths:1 | Bought a scroll of amnesia for 49 gold pieces
 65706 | Depths:1 | Bought a scroll of immolation for 49 gold pieces
 65706 | Depths:1 | Bought 2 scrolls of fog for 56 gold pieces
 65706 | Depths:1 | Bought a scroll of fog for 28 gold pieces
 65706 | Depths:1 | Bought a scroll of identify for 28 gold pieces
 65706 | Depths:1 | Bought a scroll of identify for 28 gold pieces
 65708 | Depths:1 | Bought a scroll of magic mapping for 42 gold pieces
 65708 | Depths:1 | Bought a scroll of teleportation for 36 gold pieces
 65708 | Depths:1 | Bought a scroll of enchant weapon for 90 gold pieces
 65708 | Depths:1 | Bought a scroll of silence for 90 gold pieces
 65708 | Depths:1 | Bought a scroll of torment for 90 gold pieces
 65712 | Depths:1 | Bought a +0 pair of gloves of strength for 253 gold pieces
 65712 | Depths:1 | Bought a scroll of fear for 77 gold pieces
 66136 | Depths:2 | Noticed a caustic shrike
 66136 | Depths:2 | Noticed a caustic shrike
 66136 | Depths:2 | Noticed a caustic shrike
 66136 | Depths:2 | Noticed a caustic shrike
 66136 | Depths:2 | Noticed a caustic shrike
 66139 | Depths:2 | Killed a caustic shrike
 66140 | Depths:2 | Killed a caustic shrike
 66143 | Depths:2 | Killed a caustic shrike
 66148 | Depths:2 | Killed a caustic shrike
 66152 | Depths:2 | Killed a caustic shrike
 66848 | Depths:2 | Paralysed by a floating eye for 3 turns
 66855 | Depths:2 | Reached skill level 5 in Dodging
 67332 | Depths:2 | Found a one-way gate to the infinite horrors of the Abyss.
 67358 | Depths:2 | Found Buixkynuqo's Jewellery Shop.
 67360 | Depths:2 | Found Piotibb's Book Emporium.
 67361 | Depths:2 | Found Adargho's Jewellery Shop.
 67371 | Depths:2 | Bought the amulet of Creativity {Reflect Dex+4 SH+5} for
                  | 953 gold pieces
 67675 | Depths:2 | Learned a level 2 spell: Passwall
 67760 | Depths:2 | Noticed a caustic shrike
 67768 | Depths:2 | Killed a caustic shrike
 67769 | Depths:2 | Reached skill level 1 in Transmutations
 67769 | Depths:2 | Reached skill level 1 in Earth Magic
 68033 | Depths:3 | Noticed a caustic shrike
 68049 | Depths:3 | Killed a caustic shrike
 68375 | Depths:3 | Noticed a juggernaut
 68377 | Depths:3 | Noticed a caustic shrike
 68388 | Depths:3 | Killed a caustic shrike
 68393 | Depths:3 | Killed a juggernaut
 68396 | Depths:3 | Gained mutation: Your magical and physical power is
                  | slightly enhanced at high health. [demonic ancestry]
 68396 | Depths:3 | Reached XP level 22. HP: 101/190 MP: 22/22
 68434 | Depths:3 | Noticed a juggernaut
 68892 | Depths:3 | Noticed a golden dragon
 68910 | Depths:3 | Killed a golden dragon
 69033 | Depths:3 | Identified the amulet "Erannof" {Acrobat rN+++ Will- rCorr
                  | Stlth-}
 69183 | Depths:3 | Noticed the Enchantress
 69193 | Depths:3 | Killed the Enchantress
 69222 | Depths:3 | Reached skill level 21 in Shields
 69437 | Depths:3 | Noticed a juggernaut
 69445 | Depths:3 | Killed a juggernaut
 69574 | Depths:3 | Killed a juggernaut
 69962 | Depths:3 | Found a runed translucent door.
 70265 | Depths:3 | Found a one-way gateway to a ziggurat.
 70557 | Depths:3 | Noticed Zucuh's ghost (adept DrGl)
 70568 | Depths:3 | Killed Zucuh's ghost
 70616 | Depths:4 | Entered Level 4 of the Depths
 70616 | Depths:4 | Found a hazy altar of Hepliaklqana.
 71116 | Depths:4 | Noticed a golden dragon
 71125 | Depths:4 | Killed a golden dragon
 71154 | Depths:4 | Reached skill level 22 in Shields
 71397 | Depths:4 | Noticed a juggernaut
 71411 | Depths:4 | Killed a juggernaut
 71448 | Depths:4 | Found a sparkling altar of Nemelex Xobeh.
 71715 | Depths:4 | Found a gate to the Realm of Zot.
 72796 | Slime:1  | Entered Level 1 of the Pits of Slime
 73409 | Slime:4  | Gained mutation: Your magical capacity is low. (-10% MP) [a
                  | shining eye]
 73594 | Slime:5  | Entered Level 5 of the Pits of Slime
 73615 | Slime:5  | Reached skill level 23 in Shields
 73914 | Slime:5  | Found a viscous altar of Jiyva.
 73914 | Slime:5  | Noticed the Royal Jelly
 73915 | Slime:5  | Found the +9 staff of Wucad Mu {*channel}
 73944 | Slime:5  | Reached XP level 23. HP: 183/196 MP: 20/20
 73958 | Slime:5  | Killed the Royal Jelly
 74449 | Slime:5  | Identified the ring "Qyuha" {+Blink Int+4 SInv}
 74486 | Slime:5  | Identified the +8 long sword "Doxt" {drain, rF- rC+++ rCorr
                  | Int-2}
 74518 | Slime:5  | Got a slimy rune of Zot
 74602 | Slime:5  | Reached skill level 1 in Unarmed Combat
 75286 | Elf:1    | You showed the slimy rune of Zot to enter a treasure trove
 75287 | Trove    | Entered a treasure trove
 75388 | Elf:1    | Gained mutation: You are powered by pain. [demonic
                  | ancestry]
 75388 | Elf:1    | Reached XP level 24. HP: 204/204 MP: 20/20
 75843 | Zig:1    | Entered Level 1 of a ziggurat
 75844 | Zig:1    | Noticed a royal mummy
 75865 | Zig:1    | Killed a royal mummy
 76173 | Zig:2    | Entered Level 2 of a ziggurat
 76347 | Zig:2    | Reached skill level 10 in Unarmed Combat
 76347 | Zig:2    | Gained mutation: Your magical and physical power is
                  | enhanced at high health. [demonic ancestry]
 76347 | Zig:2    | Reached XP level 25. HP: 210/210 MP: 20/20
 76350 | Zig:3    | Entered Level 3 of a ziggurat
 76387 | Zig:4    | Entered Level 4 of a ziggurat
 76620 | Zig:5    | Entered Level 5 of a ziggurat
 76694 | Zig:5    | Identified the ring of Quehej {rN+ MP+9 SInv}
 76698 | Zig:5    | Identified the +5 chain mail "Xajy" {Harm Will+ Int+4}
 76710 | Zig:6    | Entered Level 6 of a ziggurat
 76758 | Zig:6    | Identified the +3 halberd of Valour {drain, Str+4}
 76760 | Zig:6    | Identified the +1 ring mail of the Land of Plenty {Fly}
 76763 | Zig:6    | Identified the +5 falchion of Terra Nullius {speed, Int+5}
 76767 | Zig:6    | Identified the +1 spear "ETAOIN SHRDLU" {venom, +Blink}
 76768 | Zig:6    | Identified the +12 hunting sling "Juhar" {vorpal, Int+5}
 76850 | Zig:7    | Entered Level 7 of a ziggurat
 76908 | Zig:7    | Identified the ring of Ylimunk {*Corrode rN+ Will- Str+7}
 76933 | Zig:8    | Entered Level 8 of a ziggurat
 76973 | Zig:8    | Got the Volume of Somewhere Else
 77141 | Zig:9    | Entered Level 9 of a ziggurat
 77149 | Zig:9    | Found the +10 Black Knight's barding {ponderous, rPois rN+}
 77264 | Zig:9    | Identified the ring of Gutsy Harreo {Ice Drain Fly Will+
                  | Dex+2}
 77279 | Zig:9    | Gained mutation: You are completely covered in razor-sharp
                  | scales. (AC +3, Slay +3) [demonic ancestry]
 77279 | Zig:9    | Reached XP level 26. HP: 218/218 MP: 20/20
 77281 | Zig:10   | Entered Level 10 of a ziggurat
 77660 | Zig:10   | Gained mutation: Your magical and physical power is greatly
                  | enhanced at high health. [demonic ancestry]
 77660 | Zig:10   | Reached XP level 27. HP: 224/224 MP: 20/20
 77662 | Zig:11   | Entered Level 11 of a ziggurat
 77685 | Zig:11   | Reached skill level 15 in Evocations
 77717 | Zig:11   | Killed from afar by a purple draconian shifter

Illustrated notes

Levels and vault maps discovered:
D:1:      lemuel_arrival_room, layout_rooms, serial_curves, eino_curves_03,
          eino_curves_01, glass_columns_a, st_stairs_8
D:2:      layout_rooms, basic_altar, hellmonk_ecumenical_altar_crossroads
D:3:      layout_loops_ring, serial_bayou_lagoon_a, kennysheep_path_1
D:4:      layout_rooms, minmay_temple_entry_offerings, serial_shops,
          nicolae_shop_crystal, enter_ossuary_5, kennysheep_windowed_goal
D:5:      layout_gridville, nicolae_shop_overcharged_wands
D:6:      layout_rooms
D:7:      layout_loops_ring, grunt_qazlal_sundering, serial_bayou_pond_c
D:8:      layout_loops_corners, kennysheep_donut, uniq_maggie
D:9:      layout_roguey
D:10:     layout_irregular_city, erik_lair_island, enter_bailey_3
D:11:     cheibrodos_tormentor_scu, layout_long_grid,
          portal_ice_cave_demonic_guard
D:12:     layout_rooms, erik_orc_1, gauntlet_entry_generic
D:13:     layout_grid_maze, skrybe_vaults_entry_preservation, serial_shops,
          shop, minmay_misc_feat_diagonals, minivault_25_ag
D:14:     layout_loops_cross, serial_shops, shop, chequers_jeans
D:15:     gammafunk_enter_depths_forms, layout_small_grid, serial_shops,
          nicolae_inconvenience_store, nicolae_twisting_strands
Temple:   mainiacjoe_temple_circle_huts
Lair:1:   layout_loops_ring, grunt_forest_small_clearing_treed,
          grunt_megastairs_5, uniq_amaemon
Lair:2:   layout_cave_shapes, evilmike_ambush [evilmike_ambush_outer_basic,
          evilmike_ambush_inner_basic]
Lair:3:   layout_regular_city, minmay_swamp_entry_worms,
          ebering_ghost_funeral_grove, infiniplex_staircase_pool,
          grunt_megastairs_1
Lair:4:   layout_hall_layers, minmay_snake_entry_guardpost_large, dpeg_oklob_1
Lair:5:   lemuel_reptile_caves, layout_small_grid,
          minmay_slime_entry_oklob_enclosed, special_room
          [special_room_mythical_zoo]
Lair:6:   gammafunk_lair_ancient_temple, layout_long_grid, grunt_megastairs_2,
          uniq_kirke
Swamp:1:  layout_falls_marsh, evilmike_swamp_ruin_rubble_1, swamp_pool1
Swamp:2:  layout_basic_swamp, evilmike_swamp_ruin_house_1,
          nicolae_swamp_fairy_circle
Swamp:3:  layout_basic_swamp, evilmike_swamp_ruin_house_3,
          infiniplex_staircase_pool_2, uniq_mara
Swamp:4:  swamp_alternative, layout_basic_swamp
Snake:1:  layout_chambers, serial_bayou_lagoon_b
Snake:2:  layout_chambers, serial_bayou_crossing, serial_bayou_shore_b,
          minmay_shoptagon, uniq_nikola
Snake:3:  layout_layer_cave, basic_altar, nicolae_shop_firing_range
Snake:4:  snake_hunt, layout_misc_corridors, grunt_ministairs_2, drop_trap,
          grunt_megastairs_4
Slime:1:  layout_caves
Slime:2:  layout_caves
Slime:3:  layout_caves, basic_altar, uniq_dissolution
Slime:4:  layout_caves, basic_altar
Slime:5
Orc:1:    layout_caves, hellmonk_guarded_unrand_dark_maul
Orc:2:    st_orc_mages, layout_diamond_mine, uniq_jorgrun
Elf:1:    eino_elf_arrival_customs, layout_geoelf_octagon,
          nicolae_trove_entry_path_of_doom, minmay_elf_crystal_hexagon
Elf:2:    elven_hall_of_blades_hangedman_alternative
          [nicolae_blade_entry_hurt_lockers], layout_loops_cross,
          nicolae_fountain_basement
Elf:3:    elf_hall, layout_geoelf_grid, st_stairs_8, uniq_louise, uniq_roxanne
Vaults:1: dpeg_vaults_monster_doublerow, ontoclasm_vaults_eye,
          nicolae_vaults_three_branches, v_pattern_2,
          nicolae_vaults_hallways_thing, vaults_room_grid, v_rooms_5, v_misc_22,
          nicolae_vaults_ninety_degrees, vaults_room_door_ring,
          ontoclasm_vaults_twist, hangedman_vaults_trim,
          layout_vaults_maze_snakey, serial_shops, shop, uniq_zenata
Vaults:2: grunt_vaults_focal, minmay_crypt_entry_simple_plaza,
          vaults_standard_mumra_lines, hangedman_vaults_trim,
          grunt_vaults_hallway_short, vaults_room_semicircle,
          nicolae_vaults_rhombus_6, nicolae_vaults_specimen_jars,
          vaults_room_pools, ontoclasm_vaults_hangar, layout_vaults_quadrants,
          uniq_bai_suzhen
Vaults:3: grunt_vaults_funnel, ontoclasm_vaults_claustrophobia,
          nicolae_vaults_mini_display_case, nicolae_vaults_branching_niches,
          nicolae_vaults_theta, hangedman_vaults_nodes, vaults_room_fancy_cross,
          nicolae_vaults_ring_of_whatevers, vaults_room_fours,
          nicolae_vaults_little_squares_3, layout_vaults_ring, serial_shops,
          shop
Vaults:4: nicolae_vaults_stairing_the_circle, ontoclasm_vaults_loading_screen,
          nicolae_vaults_little_squares_2, dpeg_vaults_monster_box,
          st_smaller_cells, vaults_dpeg_diagonal, nicolae_vaults_shelves_hall,
          v_misc_19, v_misc_8, v_misc_30, layout_vaults_omnibox
Depths:1: layout_gridlike, lightli_too_deep, pan_entry, nicolae_ru_awakened_eye,
          minmay_shop_star, uniq_aizul, uniq_saint_roka
Depths:2: minmay_two_paths, layout_basic, hangedman_coc_ice_floe,
          rand_demon_pan_entry_3, abyss_entry, corexii_hall_statues_t,
          grunt_ministairs_8, firewood_loft, minmay_shop_grove,
          minmay_staircase_windowed_large
Depths:3: minmay_textured_paths, layout_gridlike, enter_ziggurat_b,
          roderic_lattice_a, hell_entry, abyss_entry, ebering_ghost_inner_flame,
          nicolae_figureground_sparkle, infiniplex_staircase_spiral,
          uniq_enchantress
Depths:4: grunt_zot_entry_gee_three, layout_twisted_cross,
          nemelex_lonely_heart_becter, abyss_entry,
          pf_vacation_house_of_asmodeus, nicolae_hepliaklqana_hazy_memory
Zig:11

Skill      XL: |  1  2  3  4  5  6  7  8  9 10 11 12 13 14 15 16 17 18 19 20 21 22 23 24 25 26 27 |
---------------+----------------------------------------------------------------------------------+-----
Fighting       | 3 4 5 6 7 10 12 14 17 18 20 | 20.1
Evocations     | 1 6 7 8 10 11 12 13 14 15 | 15.0
Stealth        | 1 5 8 9 |  9.1
Dodging        | 3 7 8 9 |  9.0
Axes           | 3 5 10 12 15 16 17 18 | 18.0
Armour         | 6 10 13 14 15 17 | 17.0
Shields        | 4 11 15 16 18 20 23 | 23.0
Transmutations | 3 4 |  4.0
Earth Magic    | 3 4 |  4.0
Unarmed Combat | 6 10 12 | 12.5
Long Blades    | |  1.7
Throwing       | |  1.0

Action                   |  1- 3 |  4- 6 |  7- 9 | 10-12 | 13-15 | 16-18 | 19-21 | 22-24 | 25-27 || total
-------------------------+-------+-------+-------+-------+-------+-------+-------+-------+-------++-------
Melee: Falchion          |   118 |    73 |   191 |   102 |    10 |       |       |       |       ||   494
       Headbutt          |     3 |     8 |    43 |   113 |   269 |   282 |   435 |   204 |    70 ||  1427
       Punch             |     1 |     1 |     1 |     6 |    12 |       |       |       |       ||    21
       Broad axe         |       |       |       |   371 |   999 |  1016 |  1254 |   573 |   199 ||  4412
       Unarmed           |       |       |       |       |    15 |       |       |       |       ||    15
Throw: Dart              |       |       |     9 |    70 |    37 |       |       |       |       ||   116
       Boomerang         |       |       |       |     2 |    15 |       |       |       |       ||    17
Invok: Potion Petition   |       |       |       |       |       |     2 |     5 |     2 |       ||     9
Evoke: Wand              |       |       |     9 |    41 |    89 |    18 |     8 |     3 |     2 ||   170
       Lightning rod     |       |       |       |     9 |     4 |    10 |     9 |     4 |       ||    36
       Tin of tremorston |       |       |       |       |       |     6 |     4 |     4 |       ||    14
       Phantom mirror    |       |       |       |       |       |       |       |     1 |       ||     1
  Use: Potion            |       |       |     2 |     3 |    11 |     6 |     8 |     6 |     5 ||    41
       Scroll            |       |       |       |     9 |    30 |     3 |     6 |     2 |       ||    50
 Stab: Sleeping          |       |     2 |     3 |    13 |    17 |    28 |    12 |     1 |       ||    76
       Paralysed         |       |       |     4 |     4 |     7 |       |       |     4 |       ||    19
       Distracted        |       |       |       |     5 |    12 |    32 |     9 |    11 |     5 ||    74
       Invisible         |       |       |       |       |       |    20 |     3 |     2 |       ||    25
       Confused          |       |       |       |       |       |     2 |       |       |     3 ||     5
Armor: Chain mail        |    99 |       |       |       |       |       |   285 |   171 |    59 ||   614
       Leather armour    |     1 |    24 |    22 |       |       |       |       |       |       ||    47
       Steam dragon scal |       |       |    18 |    15 |       |       |       |       |       ||    33
       Ring mail         |       |       |       |   122 |   268 |    17 |       |       |       ||   407
       Skin              |       |       |       |       |    10 |       |     2 |       |       ||    12
       Scale mail        |       |       |       |       |       |   202 |    34 |       |       ||   236
Dodge: Dodged            |    37 |    33 |   146 |   483 |   593 |   229 |   188 |   120 |    53 ||  1882
Block: Other             |    23 |    16 |    33 |   152 |   121 |       |       |       |       ||   345
       Reflection        |     1 |       |     2 |     3 |    19 |   129 |    95 |    21 |    12 ||   282
       Tower shield      |       |       |       |       |   390 |  1112 |  1352 |   736 |   243 ||  3833

Table legend: (Time is in decaauts)
 A = Elapsed time spent in this place.
 B = Non-inter-level travel time spent in this place.
 C = Inter-level travel time spent in this place.
 D = Time resting spent in this place.
 E = Time spent auto-exploring this place.
 F = Levels seen in this place.
 G = Mean time per level.
                   A        B        C        D        E       F      G
               +--------+--------+--------+--------+--------+-----+--------+
         Total |  77556 |  71323 |   6233 |    812 |  56137 |  63 | 1231.0 |
       Dungeon |  19267 |  16652 |   2615 |      0 |  13623 |  15 | 1284.5 |
        Temple |    373 |    331 |     42 |      0 |    309 |   1 |  373.0 |
          Lair |  15853 |  14614 |   1239 |     70 |  11379 |   6 | 2642.2 |
         Swamp |   3767 |   3548 |    219 |      0 |   2718 |   4 |  941.8 |
     Snake Pit |   6492 |   6255 |    237 |     38 |   5053 |   4 | 1623.0 |
    Slime Pits |   1932 |   1878 |     54 |     83 |   1113 |   5 |  386.4 |
  Orcish Mines |   2236 |   1825 |    411 |      0 |   1477 |   2 | 1118.0 |
   Elven Halls |   6474 |   5721 |    753 |      0 |   4588 |   3 | 2158.0 |
        Vaults |   7615 |   7418 |    197 |      0 |   6260 |   4 | 1903.8 |
        Depths |   7663 |   7201 |    462 |      0 |   6062 |   4 | 1915.8 |
      Ziggurat |   1824 |   1824 |      0 |      0 |   1212 |  11 |  165.8 |
         Trove |     99 |     99 |      0 |      0 |      0 |   1 |   99.0 |
        Bailey |   1022 |   1022 |      0 |      0 |    742 |   1 | 1022.0 |
      Ice Cave |   2019 |   2019 |      0 |    621 |    899 |   1 | 2019.0 |
      Gauntlet |    914 |    914 |      0 |      0 |    702 |   1 |  914.0 |
               +--------+--------+--------+--------+--------+-----+--------+

Top non-repeatable levels by time:
  Lair:5: 4921 daAuts
Depths:3: 2823 daAuts
  Lair:1: 2533 daAuts
  Lair:3: 2522 daAuts
  Lair:6: 2498 daAuts
Vaults:3: 2352 daAuts
  Lair:4: 2340 daAuts
   Elf:1: 2261 daAuts
     D:8: 2256 daAuts
   Elf:2: 2225 daAuts
    D:10: 2100 daAuts
Vaults:1: 2065 daAuts
 Snake:3: 2059 daAuts
   IceCv: 2019 daAuts
   Elf:3: 1988 daAuts
